AoeStats
← rafunga

Arena

508917897Analyzed
4v4 RM · 7d ago on Sep 24, 2026· 36m 34s· 8 players
Game mode
Random Map
Map size
Large (8 player)
Population
200
Speed
Normal
Resources
Standard
Victory
Conquest
Starting age
Dark Age
Ending age
Imperial Age
RankedLock teamsTeams togetherTeam positionsShared explorationLock speedFull tech treeHidden civsTurbo modeCheats
Victory
Defeat
🇨🇳 Mongols · China
1549
+15
🇹🇷 Magyars · Türkiye
1519
+16
🇲🇽 Varangians · Mexico
1507
+16
🇹🇷 Sicilians · Türkiye
1485
+17
🇦🇹 Danes · Austria
1539
-17
🇦🇹 Cumans · Austria
1539
-17
🇵🇹 Bohemians · Portugal
1534
-17
🇦🇹 Turks · Austria
1442
-13
Spincrossover
8:44 Feudal Age
9:18 Double-Bit Axe
10:40 Horse Collar
13:06 Wheelbarrow
19:47 Castle Age
17:33 Loom
19:01 Scale Barding Armor
20:08 Bloodlines
19:52 Capped Ram
20:56 Chain Barding Armor
21:50 Gold Mining
22:32 Forging
24:26 Bow Saw
28:23 Heavy Plow
31:56 Imperial Age
30:25 Town Watch
30:56 Hand Cart
31:22 Gold Shaft Mining
32:02 Cavalier
33:19 Plate Barding Armor
33:19 Iron Casting
32:59 Town Patrol
33:50 Paladin
Exarion
2:42 Loom
10:55 Feudal Age
14:39 Castle Age
13:20 Double-Bit Axe
13:38 Horse Collar
14:27 Loom
16:35 Bow Saw
17:45 Heavy Plow
21:58 Scale Mail Armor
23:29 Chain Mail Armor
23:06 Gambesons
24:33 Squires
24:18 Arson
25:29 Wheelbarrow
25:23 Forging
25:49 Town Watch
27:52 Iron Casting
31:47 Imperial Age
30:11 Pikeman
31:51 Gold Mining
31:51 Stone Mining
33:01 Plate Mail Armor
32:36 Fletching
34:27 Conscription
rafunga
9:46 Feudal Age
14:29 Castle Age
12:27 Double-Bit Axe
13:03 Horse Collar
16:10 Bow Saw
18:40 Heavy Plow
19:39 Fervor
24:39 Wheelbarrow
31:29 Imperial Age
30:18 Fletching
30:28 Padded Archer Armor
30:22 Loom
30:57 Scale Mail Armor
33:03 Conscription
32:04 Elite Hussite Wagon
33:27 Wagenburg Tactics
34:59 Chemistry
34:39 Hand Cart
34:09 Town Watch
35:31 Squires
Tami
12:08 Feudal Age
16:22 Castle Age
14:22 Double-Bit Axe
14:22 Horse Collar
20:35 Imperial Age
18:43 Bow Saw
Moris )
7:36 Loom
11:13 Feudal Age
12:00 Double-Bit Axe
15:00 Castle Age
12:51 Horse Collar
16:36 Wheelbarrow
16:12 Bow Saw
16:03 Heavy Plow
22:59 Forging
23:51 Scale Barding Armor
25:18 Chain Barding Armor
28:00 Iron Casting
28:23 Gold Mining
32:48 Imperial Age
33:03 Onager
34:22 Plate Barding Armor
34:12 Conscription
34:56 Bloodlines
34:46 Husbandry
34:29 Elite Jarl
36:42 Blast Furnace
GPA_PureViolence
10:17 Feudal Age
13:21 Double-Bit Axe
15:49 Castle Age
13:36 Horse Collar
15:42 Stone Mining
19:19 Bow Saw
19:51 Corvinian Army
23:19 Scale Barding Armor
26:01 Bloodlines
28:21 Heavy Plow
29:31 Husbandry
31:05 Chain Barding Armor
31:12 Light Cavalry
31:48 Loom
32:41 Wheelbarrow
34:55 Fletching
GPA_PisagorAmca
11:05 Feudal Age
14:53 Castle Age
12:51 Double-Bit Axe
13:15 Loom
14:23 Loom
15:46 Bow Saw
19:46 Horse Collar
20:12 Scale Mail Armor
31:49 Chain Mail Armor
33:12 Forging
[David]Dreamer
10:39 Feudal Age
12:47 Double-Bit Axe
15:28 Castle Age
13:26 Horse Collar
13:45 Stone Mining
14:34 Fletching
14:34 Loom
15:28 Fletching
15:39 Town Watch
17:20 Bow Saw
20:28 Bodkin Arrow
24:54 Wheelbarrow
Connection lost

Rejoining the realm…

Still unreachable

The connection could not be restored.

Session expired

The server has moved on; the page needs a fresh start.